PA
LOUISIANA DRAGOONS @ GWINNETT COUNTY BLACK CATS
08/30/2023
 
TOP OF THE 1ST
Louisiana Dragoons batting - Pitching for Gwinnett County Black Cats : RHP Ricardo Ramírez
Pitching: RHP Ricardo Ramírez
Batting: RHB Sancho Rodríguez 0-0: Foul Ball, location: 2F
0-1: Ball
1-1: Ball
2-1: Called Strike
2-2: Foul Ball, location: 2F
2-2: Ball
3-2: Foul Ball, location: 2F
3-2: Foul Ball, location: 2F
3-2: Base on Balls
Batting: RHB Jaime Cruz 0-0: Ball
1-0: Foul Ball, location: 2F
1-1: Foul Ball, location: 2F
1-2: Strikes out swinging
Batting: LHB Juan Gabriel 0-0: Ball
1-0: Grounds into double play, 4-6-3 (Groundball, 4)
Top of the 1st over - 0 run(s), 0 hit(s), 0 error(s), 0 left on base; Louisiana 0 - Gwinnett County 0
BOTTOM OF THE 1ST
Gwinnett County Black Cats batting - Pitching for Louisiana Dragoons : RHP Iván Flores
Pitching: RHP Iván Flores
Batting: RHB Aaron Taylor 0-0: Swinging Strike
0-1: Ball
1-1: Ball
2-1: Foul Ball, location: 2F
2-2: Strikes out swinging
Batting: RHB Vicente Espinoza 0-0: Ball
1-0: Ball
2-0: Foul Ball, location: 2F
2-1: Called Strike
2-2: Ball
3-2: Base on Balls
Batting: LHB Jorge Borbón 0-0: Ball
1-0: Ball
2-0: Ball
3-0: Called Strike
3-1: Base on Balls
Vicente Espinoza to second
Batting: LHB Willis Baker 0-0: DOUBLE (Line Drive, 9LD)
Vicente Espinoza scores
Jorge Borbón to third
Batting: RHB John Townsend 0-0: Ball
1-0: Ball
2-0: SINGLE (Groundball, 56)
Jorge Borbón scores
Willis Baker to third
Runner from 3rd tries for Home, SAFE, throw made home
John Townsend to second
Batting: RHB Addie Kattenberg 0-0: Called Strike
0-1: Ground out 4-3 (Groundball, 4)
John Townsend to third
Batting: LHB Jace McNulty 0-0: Ball
1-0: Ball
2-0: Swinging Strike
2-1: Swinging Strike
2-2: Foul Ball, location: 2F
2-2: Ball
Passed Ball!
John Townsend scores
3-2: Foul Ball, location: 2F
3-2: Strikes out swinging
Bottom of the 1st over - 4 run(s), 2 hit(s), 0 error(s), 0 left on base; Louisiana 0 - Gwinnett County 4
TOP OF THE 2ND
Louisiana Dragoons batting - Pitching for Gwinnett County Black Cats : RHP Ricardo Ramírez
Batting: RHB Roberto Hernández 0-0: Ball
1-0: Called Strike
1-1: Ball
2-1: Swinging Strike
2-2: Ball
3-2: Foul Ball, location: 2F
3-2: Foul Ball, location: 2F
3-2: Foul Ball, location: 2F
3-2: Ground out 5-3 (Groundball, 5L)
Batting: SHB Francisco Valentín 0-0: Ball
1-0: Ball
2-0: Called Strike
2-1: SINGLE (Groundball, 34)
Batting: RHB Marshall Lamar 0-0: Called Strike
0-1: Foul Ball, location: 2F
0-2: Ball
Francisco Valentín steals 2nd base
1-2: Ball
2-2: Strikes out swinging
Batting: RHB Kevin Johnson 0-0: Called Strike
0-1: Foul Ball, location: 2F
0-2: Ball
1-2: Foul Ball, location: 2F
1-2: Fly out, F3 (Popup, 3S)
Top of the 2nd over - 0 run(s), 1 hit(s), 0 error(s), 1 left on base; Louisiana 0 - Gwinnett County 4
BOTTOM OF THE 2ND
Gwinnett County Black Cats batting - Pitching for Louisiana Dragoons : RHP Iván Flores
Batting: RHB Clarence Weber 0-0: Ball
1-0: Ball
2-0: Fly out, F8 (Flyball, 8LM)
Batting: RHB Luis Guerrero 0-0: Ball
1-0: Ball
2-0: Ground out 1-3 (Groundball, 13S)
Batting: RHB Aaron Taylor 0-0: Ball
1-0: Swinging Strike
1-1: Called Strike
1-2: Strikes out swinging
Bottom of the 2nd over - 0 run(s), 0 hit(s), 0 error(s), 0 left on base; Louisiana 0 - Gwinnett County 4
TOP OF THE 3RD
Louisiana Dragoons batting - Pitching for Gwinnett County Black Cats : RHP Ricardo Ramírez
Batting: RHB Eduardo Rivera 0-0: Called Strike
0-1: Ball
1-1: Foul Ball, location: 2F
1-2: Ball
2-2: SINGLE (Flyball, 8LS)
Batting: RHB Fernando Rutledge 0-0: Called Strike
0-1: Ball
1-1: Swinging Strike
1-2: Strikes out swinging
Batting: RHB Sancho Rodríguez 0-0: Ball
1-0: Grounds into double play, 4-6-3 (Groundball, 4)
Top of the 3rd over - 0 run(s), 1 hit(s), 0 error(s), 0 left on base; Louisiana 0 - Gwinnett County 4
BOTTOM OF THE 3RD
Gwinnett County Black Cats batting - Pitching for Louisiana Dragoons : RHP Iván Flores
Batting: RHB Vicente Espinoza 0-0: Called Strike
0-1: Foul Ball, location: 2F
0-2: Ball
1-2: Foul Ball, location: 2F
1-2: Reached on error, E1 (Groundball, 13)
Batting: LHB Jorge Borbón 0-0: Called Strike
0-1: SINGLE (Groundball, 34S)
Vicente Espinoza to third
Batting: LHB Willis Baker 0-0: Ball
1-0: Swinging Strike
1-1: Ground out U3 (Groundball, 3S)
Vicente Espinoza scores
Jorge Borbón to second
Batting: RHB John Townsend 0-0: Ball
1-0: Ball
2-0: Ball
3-0: Called Strike
3-1: Base on Balls
Batting: RHB Addie Kattenberg 0-0: Swinging Strike
0-1: Swinging Strike
0-2: Ball
1-2: Ball
2-2: Strikes out looking
Batting: LHB Jace McNulty 0-0: Foul Ball, location: 2F
0-1: Foul Ball, location: 2F
0-2: Fly out, F9 (Flyball, 9S)
Bottom of the 3rd over - 1 run(s), 1 hit(s), 1 error(s), 2 left on base; Louisiana 0 - Gwinnett County 5
TOP OF THE 4TH
Louisiana Dragoons batting - Pitching for Gwinnett County Black Cats : RHP Ricardo Ramírez
Batting: RHB Jaime Cruz 0-0: Bunt missed!
0-1: Swinging Strike
0-2: Strikes out swinging
Batting: LHB Juan Gabriel 0-0: Ball
1-0: Swinging Strike
1-1: Ball
2-1: Swinging Strike
2-2: Foul Ball, location: 2F
2-2: Strikes out swinging
Batting: RHB Roberto Hernández 0-0: Foul Ball, location: 2F
0-1: Fly out, F9 (Flyball, 9M)
Top of the 4th over - 0 run(s), 0 hit(s), 0 error(s), 0 left on base; Louisiana 0 - Gwinnett County 5
BOTTOM OF THE 4TH
Gwinnett County Black Cats batting - Pitching for Louisiana Dragoons : RHP Iván Flores
Batting: RHB Clarence Weber 0-0: Ball
1-0: Ball
2-0: Fly out, F4 (Popup, 4MD)
Batting: RHB Luis Guerrero 0-0: Ball
1-0: Called Strike
1-1: SINGLE (Groundball, 56D)
Batting: RHB Aaron Taylor 0-0: Ball
1-0: Called Strike
1-1: Ball
2-1: Fly out, F9 (Flyball, 9LM)
Batting: RHB Vicente Espinoza 0-0: Ground out 5-3 (Groundball, 5S)
Bottom of the 4th over - 0 run(s), 1 hit(s), 0 error(s), 1 left on base; Louisiana 0 - Gwinnett County 5
TOP OF THE 5TH
Louisiana Dragoons batting - Pitching for Gwinnett County Black Cats : RHP Ricardo Ramírez
Batting: SHB Francisco Valentín 0-0: Called Strike
0-1: Swinging Strike
0-2: Strikes out swinging
Batting: RHB Marshall Lamar 0-0: Ball
1-0: Ball
2-0: Called Strike
2-1: Foul Ball, location: 2F
2-2: Ball
3-2: Strikes out swinging
Batting: RHB Kevin Johnson 0-0: Called Strike
0-1: Ball
1-1: Ball
2-1: Called Strike
2-2: Strikes out swinging
Top of the 5th over - 0 run(s), 0 hit(s), 0 error(s), 0 left on base; Louisiana 0 - Gwinnett County 5
BOTTOM OF THE 5TH
Gwinnett County Black Cats batting - Pitching for Louisiana Dragoons : RHP Iván Flores
Batting: LHB Jorge Borbón 0-0: Ball
1-0: Called Strike
1-1: Ball
2-1: Ball
3-1: Fly out, F9 (Line Drive, 89D)
Batting: LHB Willis Baker 0-0: SINGLE (Line Drive, 4)
Batting: RHB John Townsend 0-0: Ball
1-0: Foul Ball, location: 2F
1-1: Foul Ball, location: 2F
1-2: Fly out, F4 (Popup, 34D)
Batting: RHB Addie Kattenberg 0-0: Ball
1-0: Ball
2-0: Ball
3-0: Called Strike
3-1: Called Strike
3-2: Base on Balls
Willis Baker to second
Pitching: RHP Aaron Chapman
Batting: LHB Jace McNulty 0-0: Swinging Strike
0-1: Swinging Strike
0-2: Strikes out looking
Bottom of the 5th over - 0 run(s), 1 hit(s), 0 error(s), 2 left on base; Louisiana 0 - Gwinnett County 5
TOP OF THE 6TH
Louisiana Dragoons batting - Pitching for Gwinnett County Black Cats : RHP Ricardo Ramírez
Batting: RHB Eduardo Rivera 0-0: Bunt for hit - play at first, batter OUT! 2-3
Batting: RHB Fernando Rutledge 0-0: Ball
1-0: Ball
2-0: Fly out, F8 (Popup, 6MD)
Batting: RHB Sancho Rodríguez 0-0: Foul Ball, location: 2F
0-1: Fly out, F3 (Popup, 3SF)
Top of the 6th over - 0 run(s), 0 hit(s), 0 error(s), 0 left on base; Louisiana 0 - Gwinnett County 5
BOTTOM OF THE 6TH
Gwinnett County Black Cats batting - Pitching for Louisiana Dragoons : RHP Aaron Chapman
Batting: RHB Clarence Weber 0-0: Fly out, F8 (Flyball, 8RM)
Batting: RHB Luis Guerrero 0-0: Ball
1-0: Foul Ball, location: 2F
1-1: SINGLE (Line Drive, 89S)
Batting: RHB Aaron Taylor 0-0: Ball
1-0: Ball
2-0: Ball
3-0: Called Strike
3-1: Called Strike
3-2: Base on Balls
Luis Guerrero to second
Batting: RHB Vicente Espinoza 0-0: SINGLE (Line Drive, 9LS)
Luis Guerrero to third
Aaron Taylor to second
Runner from 3rd tries for Home, throw and OUT!
Batting: LHB Jorge Borbón 0-0: Foul Ball, location: 2F
0-1: Ball
1-1: Ball
2-1: Fly out, F4 (Popup, 4)
Bottom of the 6th over - 0 run(s), 2 hit(s), 0 error(s), 2 left on base; Louisiana 0 - Gwinnett County 5
TOP OF THE 7TH
Louisiana Dragoons batting - Pitching for Gwinnett County Black Cats : RHP Ricardo Ramírez
Batting: RHB Jaime Cruz 0-0: Ball
1-0: Ball
2-0: SINGLE (Line Drive, 7S)
Batting: LHB Juan Gabriel 0-0: Ball
Jaime Cruz is caught stealing 2nd base
1-0: Swinging Strike
1-1: Foul Ball, location: 2F
1-2: Foul Ball, location: 2F
1-2: Ball
2-2: Ball
3-2: Foul Ball, location: 2F
3-2: Strikes out swinging
Batting: RHB Roberto Hernández 0-0: Ground out 5-3 (Groundball, 5S)
Top of the 7th over - 0 run(s), 1 hit(s), 0 error(s), 0 left on base; Louisiana 0 - Gwinnett County 5
BOTTOM OF THE 7TH
Gwinnett County Black Cats batting - Pitching for Louisiana Dragoons : RHP Aaron Chapman
Batting: LHB Willis Baker 0-0: Called Strike
0-1: Foul Ball, location: 2F
0-2: Ball
1-2: Ball
2-2: Ground out 6-3 (Groundball, 6MS)
Batting: RHB John Townsend 0-0: Ball
1-0: Ball
2-0: Called Strike
2-1: Fly out, F9 (Flyball, 89S)
Batting: RHB Addie Kattenberg 0-0: Ball
1-0: Called Strike
1-1: SINGLE (Groundball, 34D)
Batting: LHB Jace McNulty 0-0: Ground out U3 (Groundball, 3L)
Bottom of the 7th over - 0 run(s), 1 hit(s), 0 error(s), 1 left on base; Louisiana 0 - Gwinnett County 5
TOP OF THE 8TH
Louisiana Dragoons batting - Pitching for Gwinnett County Black Cats : RHP Ricardo Ramírez
Batting: SHB Francisco Valentín 0-0: Ground out 1-3 (Groundball, 15)
Batting: RHB Marshall Lamar 0-0: Called Strike
0-1: Ball
1-1: Foul Ball, location: 2F
1-2: Fly out, F7 (Line Drive, 78M)
Batting: RHB Kevin Johnson 0-0: SINGLE (Groundball, 3L) (infield hit)
Batting: RHB Eduardo Rivera 0-0: SINGLE (Groundball, 6MD)
Kevin Johnson to second
Runner from 2nd tries for 3rd, SAFE, no throw or cutoff
Batting: RHB Fernando Rutledge 0-0: Foul Ball, location: 2F
0-1: Fly out, F7 (Flyball, 7M)
Top of the 8th over - 0 run(s), 2 hit(s), 0 error(s), 2 left on base; Louisiana 0 - Gwinnett County 5
BOTTOM OF THE 8TH
Gwinnett County Black Cats batting - Pitching for Louisiana Dragoons : RHP Aaron Chapman
Batting: RHB Clarence Weber 0-0: Fly out, F7 (Flyball, 7D)
Batting: RHB Luis Guerrero 0-0: Called Strike
0-1: Ball
1-1: DOUBLE (Flyball, 78M)
Batting: RHB Aaron Taylor 0-0: Ground out 6-3 (Groundball, 6M)
Luis Guerrero to third
Batting: RHB Vicente Espinoza 0-0: Ball
1-0: Ground out 5-3 (Groundball, 5L)
Bottom of the 8th over - 0 run(s), 1 hit(s), 0 error(s), 1 left on base; Louisiana 0 - Gwinnett County 5
TOP OF THE 9TH
Louisiana Dragoons batting - Pitching for Gwinnett County Black Cats : RHP Ricardo Ramírez
Now at 1B: Orlando Sánchez
Now at 2B: Ghislain Vespucci
Batting: RHB Sancho Rodríguez 0-0: Ball
1-0: Ground out 1-3 (Groundball, 13S)
Batting: RHB Jaime Cruz 0-0: Ball
1-0: Ball
2-0: Foul Ball, location: 2F
2-1: Foul Ball, location: 2F
2-2: Strikes out swinging
Batting: LHB Juan Gabriel 0-0: Ball
1-0: Ball
2-0: Called Strike
2-1: Ball
3-1: Fly out, F8 (Flyball, 8RD)
Top of the 9th over - 0 run(s), 0 hit(s), 0 error(s), 0 left on base; Louisiana 0 - Gwinnett County 5
This league is powered by Out of the Park Baseball, the baseball management simulation game for PC, Mac and Linux
Friday, July 8th, 2016 - OOTP Baseball 16.9 Build 39